 Dungeon Crawl Stone Soup version 0.30-a0-21-g5d08c37080 (webtiles) character file.

Game seed: 16341968262705895739

734 Plasmagod the Trooper (level 7, -1/48 HPs)
             Began as a Gargoyle Fighter on Aug 24, 2022.
             Was an Initiate of Ru.
             Slain by an ice beast (8 damage)
             ... on level 5 of the Dungeon.
             The game lasted 00:06:03 (4350 turns).

Plasmagod the Trooper (Gargoyle Fighter)            Turns: 4350, Time: 00:06:03

Health: -1/48      AC: 17    Str: 21    XL:     7   Next: 74%
Magic:  7/7        EV:  5    Int:  9    God:    Ru [......]
Gold:   258        SH:  4    Dex:  9    Spells: 6/6 levels left

rFire   . . .      SeeInvis .    a - +0 war axe
rCold   . . .      Faith    .    c - +0 buckler
rNeg    + . .      Spirit   .    h - +0 plate armour
rPois   ∞          Reflect  .    i - +0 helmet
rElec   +          Harm     .    (no cloak)
rCorr   .          Rampage  .    (no gloves)
Will    +....                    (no boots)
Stlth   ..........               (no amulet)
HPRegen 0.16/turn                o - ring of willpower
MPRegen 0.10/turn                (no ring)

@: no status effects
A: sickness immunity, AC +4, negative energy resistance 1, electricity
resistance, torment resistance 1, petrification resistance
a: Renounce Religion


You were on level 5 of the Dungeon.
You worshipped Ru.
Ru was noncommittal.
You visited 2 branches of the dungeon, and saw 6 of its levels.

You collected 258 gold pieces.

Inventory:

Hand Weapons
 a - a +0 war axe (weapon)
Armour
 c - a +0 buckler (worn)
 h - a +0 plate armour (worn)
 i - a +0 helmet (worn)
Jewellery
 o - a ring of willpower (left hand)
 r - a ring of magical power
 y - a ring of resist corrosion
Wands
 s - a wand of flame (12)
 t - a wand of mindburst (16)
Scrolls
 b - 13 scrolls of identify {unknown}
 e - 3 scrolls of teleportation {unknown}
 g - 5 scrolls of blinking {unknown}
 l - a scroll of enchant weapon {unknown}
 n - a scroll of noise {unknown}
 p - a scroll of vulnerability {unknown}
 v - a scroll of poison {unknown}
 w - 2 scrolls of immolation {unknown}
 x - a scroll of enchant armour {unknown}
Potions
 d - a potion of might
 f - a potion of haste {unknown}
 j - 2 potions of curing {unknown}
 k - 2 potions of ambrosia {unknown}
 m - 4 potions of heal wounds {unknown}
 q - a potion of attraction {unknown}
 u - a potion of degeneration {unknown}


   Skills:
 + Level 7.2 Fighting
 + Level 5.6 Axes
 - Level 3.2 Armour
 - Level 3.2 Shields


You had 6 spell levels left.
You didn't know any spells.
Your spell library was empty.

Dungeon Overview and Level Annotations

Branches:
Dungeon (5/15)             Temple (1/1) D:4

Altars:
Cheibriados
Elyvilon
Fedhas
Hepliaklqana
Kikubaaqudgha
Makhleb
Qazlal
Ru
Sif Muna
Uskayaw
Yredelemnul
Zin
The Shining One

Annotations:
D:2 1 runed translucent door, Crazy Yiuf
Temple 2 transporters


Innate Abilities, Weirdness & Mutations

You are immune to sickness and miasma.
Your stone body is resilient. (AC +4)
You are immune to poison.
You resist negative energy. (rN+)
You are resistant to electric shocks. (rElec)
You are resistant to unholy torment.
You are immune to petrification.


Message History

The scorpion stings you.
The scorpion stings you but does no damage.
You slash the scorpion!
You kill the scorpion!
The kobold hits you but does no damage.
You hit the kobold.
You kill the kobold!
You hit the ice beast.
The ice beast is lightly wounded.
You block the ice beast's attack.
You hit the ice beast.
The ice beast is lightly wounded.
The ice beast closely misses you. The ice beast hits you.
The ice beast freezes you!
You hit the ice beast.
The ice beast is moderately wounded.
The ice beast hits you. The ice beast freezes you!
You are too injured to fight recklessly!
You are too injured to fight recklessly!
You are too injured to fight recklessly!
You are too injured to fight recklessly!
You are too injured to fight recklessly!
You are too injured to fight recklessly!
You are too injured to fight recklessly!
You are too injured to fight recklessly!
You are too injured to fight recklessly!
You are too injured to fight recklessly!
You are too injured to fight recklessly!
You are too injured to fight recklessly!
You are too injured to fight recklessly!
You slash the ice beast!
The ice beast is severely wounded.
The ice beast hits you. The ice beast freezes you!
* * * LOW HITPOINT WARNING * * *
You barely miss the ice beast.
The ice beast is severely wounded.
The ice beast hits you.
* * * LOW HITPOINT WARNING * * *
The ice beast freezes you!
You die...

## ... .... .....
############K.....
#.........@YK.....
#######.################
........# #########


You could see an ice beast and 2 kobolds.

Vanquished Creatures
  An ogre (D:4)
  A phantom (D:5)
  A kobold brigand (D:5)
  2 scorpions
  A howler monkey (D:4)
  2 hounds
  An iguana (D:4)
  Ijyb (D:3)
  3 gnolls (D:4)
  12 adders
  2 worms
  4 dart slugs
  5 ball pythons
  10 endoplasms
  5 giant cockroaches
  9 goblins
  8 hobgoblins
  7 jackals
  5 quokkas
  7 bats
  2 frilled lizards
  11 kobolds
  7 rats
107 creatures vanquished.

Vanquished Creatures (others)
  7 fungi
  4 plants (D:3)
11 creatures vanquished.

Grand Total: 118 creatures vanquished

Notes
Turn   | Place    | Note
-------+----------+-------------------------------------------
     0 | D:1      | Plasmagod the Gargoyle Fighter began the quest for the Orb.
     0 | D:1      | Reached XP level 1. HP: 14/14 MP: 1/1
   183 | D:1      | Reached XP level 2. HP: 19/19 MP: 2/2
  1020 | D:2      | Reached XP level 3. HP: 17/24 MP: 3/3
  1026 | D:1      | Reached skill level 4 in Fighting
  1204 | D:2      | Reached XP level 4. HP: 8/30 MP: 4/4
  2048 | D:2      | Found a runed translucent door.
  2049 | D:2      | Noticed Crazy Yiuf
  2277 | D:3      | Reached XP level 5. HP: 34/34 MP: 5/5
  2386 | D:3      | Reached skill level 5 in Fighting
  2393 | D:3      | Found a faded altar of an unknown god.
  2455 | D:3      | Noticed Ijyb
  2460 | D:3      | Killed Ijyb
  2564 | D:3      | Found a glowing golden altar of the Shining One.
  2564 | D:3      | Found a white marble altar of Elyvilon.
  2564 | D:3      | Found a glowing silver altar of Zin.
  2922 | D:4      | Noticed an ogre
  2986 | D:4      | Killed an ogre
  2987 | D:4      | Reached XP level 6. HP: 7/41 MP: 6/6
  3432 | D:4      | Reached skill level 6 in Fighting
  3566 | D:4      | Reached XP level 7. HP: 42/47 MP: 7/7
  3635 | D:4      | Found a staircase to the Ecumenical Temple.
  3643 | Temple   | Entered the Ecumenical Temple
  3643 | Temple   | Found a transporter.
  3643 | Temple   | Found a transporter.
  3645 | Temple   | Found a transporter.
  3645 | Temple   | Found a transporter.
  3667 | Temple   | Became a worshipper of Ru the Awakened
  4023 | D:4      | Identified the +2 robe "Nidiucw" {Fly}
  4244 | D:4      | Reached skill level 5 in Axes
  4254 | D:5      | Entered Level 5 of the Dungeon
  4333 | D:5      | Reached skill level 7 in Fighting
  4350 | D:5      | Slain by an ice beast

Illustrated notes

Levels and vault maps discovered:
D:1:      nagdon_arrival_double_spiral, layout_loops_ring
D:2:      layout_rooms, minmay_misc_feat_more_columns, st_stairs_6,
          minmay_randomly_rotated_circles, uniq_crazy_yiuf_cottage
D:3:      layout_loops_cross, good_gods_mini_temple,
          shapermc_ecumenical_altar_mp_urbaneastern, uniq_ijyb
D:4:      layout_gridville, minmay_temple_entry_hall
D:5:      layout_rooms
Temple:   hellmonk_temple_divided_pantheon

Skill      XL: |  1  2  3  4  5  6  7 |
---------------+----------------------+-----
Axes           | 2 3 4 5 |  5.6
Fighting       | 4 5 6 7 |  7.2
Armour         | |  3.2
Shields        | |  3.2

Action                   |  1- 3 |  4- 6 |  7- 9 || total
-------------------------+-------+-------+-------++-------
Melee: War axe           |    93 |   150 |    63 ||   306
Armor: Scale mail        |    14 |       |       ||    14
       Plate armour      |    75 |   100 |    52 ||   227
Dodge: Dodged            |    37 |    47 |    11 ||    95
Block: Buckler           |    24 |    27 |     6 ||    57

Table legend: (Time is in decaauts)
 A = Elapsed time spent in this place.
 B = Non-inter-level travel time spent in this place.
 C = Inter-level travel time spent in this place.
 D = Time resting spent in this place.
 E = Time spent auto-exploring this place.
 F = Levels seen in this place.
 G = Mean time per level.
                   A        B        C        D        E       F      G
               +--------+--------+--------+--------+--------+-----+--------+
         Total |   4537 |   4311 |    226 |    621 |   2833 |   6 |  756.2 |
       Dungeon |   4497 |   4271 |    226 |    621 |   2832 |   5 |  899.4 |
        Temple |     39 |     39 |      0 |      0 |      1 |   1 |   39.0 |
               +--------+--------+--------+--------+--------+-----+--------+

Top non-repeatable levels by time:
     D:1: 1477 daAuts
     D:4: 1378 daAuts
     D:3: 793 daAuts
     D:2: 740 daAuts
     D:5: 108 daAuts
  Temple: 39 daAuts
